Cogmind - Beta 12 X6 @@@ ROGUE MODE // 2023.02.18 @ 11:36:28 // AFD2019/Pay2Buy Player: ArabianSandBoa Result: Destroyed by S-10 Pest with Light Assault Rifle Performance ------------- Evolutions (1) 500 Regions Visited (3) 600 Robots Destroyed (5) 25 Value Destroyed (445) 445 Prototype IDs (1) 20 Alien Tech Used (0) 0 Bonus (200) 200 TOTAL SCORE: 1790 Bonus ------- Pacifist 200 Cogmind --------- Core Integrity 0/400 Matter 227/300 Energy 97/100 System Corruption 0% Temperature Cool (6) Movement Flying (32) Location -9/Materials Parts ------- > --- POWER (1) -------- (None) > --- PROPULSION (2) --- VTOL Module Cooled Cesium-ion Thruster > --- UTILITY (4) ------ Advanced Weight Redist. System Improved Propulsion Shielding Improved Propulsion Shielding Weapon Shielding > --- WEAPON (2) ------- Maul > --- INVENTORY (10) --- (None) Peak State ------------ > --- POWER ------------ (None) > --- PROPULSION ------- VTOL Module Cooled Cesium-ion Thruster > --- UTILITY ---------- Advanced Weight Redist. System Improved Propulsion Shielding Improved Propulsion Shielding Weapon Shielding > --- WEAPON ----------- Maul > --- INVENTORY -------- (None) [Rating: 20] Favorites ----------- Power None Propulsion VTOL Module Flight Unit VTOL Module Utility Advanced Weight Redist. System Device Advanced Weight Redist. System Protection Medium Armor Plating Weapon Maul Special Weapon Mining Laser Impact Weapon Maul Build | -11 -10 -10 -9 ------- Run | Jun Mat Min Mat Slots Evolved 2 | . . . 2 Power . | . . . . Propulsion . | . . . . Utility 2 | . . . 2 Weapon . | . . . . Parts Attached 4 | . . 2 2 Power . | . . . . Engine . | . . . . Core . | . . . . Reactor . | . . . . Propulsion 3 | . . 1 2 Treads . | . . . . Leg . | . . . . Wheel . | . . . . Hover . | . . . . Flight 3 | . . 1 2 Utility 1 | . . 1 . Device . | . . . . Storage . | . . . . Processor . | . . . . Hackware . | . . . . Protection 1 | . . 1 . Artifact . | . . . . Weapon . | . . . . Energy Gun . | . . . . Energy Cannon . | . . . . Ballistic Gun . | . . . . Ballistic Cannon . | . . . . Launcher . | . . . . Special Weapon . | . . . . Impact Weapon . | . . . . Slashing Weapon . | . . . . Piercing Weapon . | . . . . Special Melee Weapon . | . . . . Unidentified Prototypes . | . . . . Parts Lost 5 | . . 2 3 Power . | . . . . Propulsion 3 | . . 1 2 Utility 1 | . . . 1 Weapon 1 | . . 1 . Highest Loss Streak 3 | . . 2 3 To Critical Strikes . | . . . . Average Slot Usage (%) 45 | . 55 25 49 Flight 18 | . 28 18 16 Device 5 | . . . 9 Protection 12 | . 14 4 14 Special Weapon 2 | . 12 2 . Impact Weapon 5 | . . . 9 Naked Turns . | . . . . Heaviest Build 10 | 7 8 8 10 Greatest Support 17 | 8 8 8 17 Greatest Overweight (x) 3 | . . . 3 Average Overweight (x) . | . . . . Largest Inventory Capacity 10 | 10 10 10 10 Average Capacity 10 | 10 10 10 10 Most Carried 6 | 2 2 6 4 Average Carried 2 | 2 2 5 1 Final Capacity 10 | 10 10 10 10 Final Carried 4 | 2 2 4 . Class Distribution -------------------- 63% | Sprinter 36% | Mutant Dominant Class ---------------- Sprinter | -10/Materials Mutant | -10/Mines Sprinter | -9/Materials Resources | -11 -10 -10 -9 ----------- Run | Jun Mat Min Mat Matter Collected 142 | . . . 142 Remotely . | . . . . Salvage Created 143 | . 1 . 142 Parts . | . . . . Haulers Intercepted . | . . . . Recyclers Shooed . | . . . . Parts Field Recycled . | . . . . Retrieved Matter . | . . . . Parts Self-Destructed . | . . . . Prevented . | . . . . Kills | -11 -10 -10 -9 ------- Run | Jun Mat Min Mat Combat Hostiles Destroyed 4 | . . . 4 Melee 3 | . . . 3 Classes Destroyed 3 | . . . 3 Operator 1 | . . . 1 Grunt 1 | . . . 1 Sentry 3 | . . . 3 Best Kill Streak 3 | . . . 3 Combat Bots Only 2 | . . . 2 Max Kills in Single Turn 1 | . . . 1 Gunslinging . | . . . . Exploded . | . . . . Melee 1 | . . . 1 Uniques/NPCs Destroyed . | . . . . Combat | -11 -10 -10 -9 -------- Run | Jun Mat Min Mat Damage Taken 885 | . 38 122 725 Core 456 | . 12 42 402 Absorbed by Shields . | . . . . Redirected to Shielding 49 | . . . 49 Core Remaining (%) 89 | 100 . 78 . Volleys Fired 6 | . 6 . . Largest 1 | . 1 . . Hottest 100 | . 100 . . Shots Fired 6 | . 6 . . Gun . | . . . . Cannon . | . . . . Launcher . | . . . . Special 6 | . 6 . . Kinetic . | . . . . Thermal 6 | . 6 . . Explosive . | . . . . Electromagnetic . | . . . . Robot Hit Streak . | . . . . Robot Miss Streak . | . . . . Penetration Max . | . . . . Secondary Targets . | . . . . Shots Hit Robots 27 | . . . 27 Core Hits 3 | . . . 3 Critical Kills 2 | . . . 2 Critical Parts Destroyed 4 | . . . 4 Critical Strikes 6 | . . . 6 Smash 6 | . . . 6 Melee Attacks 42 | . . . 42 Impact 42 | . . . 42 Slashing . | . . . . Piercing . | . . . . Sneak Attacks 2 | . . . 2 Combat Hostiles . | . . . . Follow-up Attacks . | . . . . Damage Inflicted 943 | . . . 943 Guns . | . . . . Cannons . | . . . . Explosions . | . . . . Melee 943 | . . . 943 Ramming . | . . . . Kinetic . | . . . . Thermal . | . . . . Explosive . | . . . . Electromagnetic . | . . . . Impact 943 | . . . 943 Slashing . | . . . . Piercing . | . . . . Highest Corruption . | . . . . Average Corruption . | . . . . Corruption Purged . | . . . . Corruption Blocked . | . . . . Overload Shots . | . . . . Overflow Damage 213 | . . . 213 Projectiles . | . . . . Explosions . | . . . . Melee 213 | . . . 213 Knockbacks 3 | . . . 3 Impact 3 | . . . 3 Kinetic . | . . . . Secondary . | . . . . Self-Inflicted Damage . | . . . . Shots . | . . . . Rammed . | . . . . Targets Rammed . | . . . . Kicked . | . . . . Crushed . | . . . . Highest Temperature 26 | . 26 . . Average Temperature 12 | . 12 . . Received Heat Transfer 294 | . 21 . 273 Siege Activations . | . . . . Robots Corrupted . | . . . . Combat Hostiles . | . . . . Parts Fried . | . . . . Impact Corruptions 10 | . . . 10 Robots Melted . | . . . . Combat Hostiles . | . . . . Parts Melted . | . . . . Heat Transferred . | . . . . Parts Sabotaged . | . . . . Parts Stolen . | . . . . Parts Stripped . | . . . . Power Chain Reactions . | . . . . Missiles Intercepted . | . . . . Alert | -11 -10 -10 -9 ------- Run | Jun Mat Min Mat Peak Influence 339 | . 99 38 339 Initial 38 | . . 38 . Average 131 | . 79 16 183 Maximum Alert Level 1 | . . . 1 Low Security (%) 67 | 100 100 100 47 Level 1 32 | . . . 52 Level 2 . | . . . . Level 3 . | . . . . Level 4 . | . . . . Level 5 . | . . . . High Security . | . . . . Max Security . | . . . . Squads Dispatched 10 | . 3 . 7 Investigation 8 | . 2 . 6 Extermination . | . . . . Reinforcement 2 | . 1 . 1 Assault . | . . . . Garrison . | . . . . Intercept . | . . . . Searches Triggered . | . . . . Construction Impeded . | . . . . Haulers Reinforced . | . . . . Active Scanning Responses . | . . . . Cargo Convoy Interrupts . | . . . . Stealth | -11 -10 -10 -9 --------- Run | Jun Mat Min Mat Distress Signals 6 | . 2 2 2 Communications Jammed . | . . . . Distress Signals . | . . . . Times Spotted 29 | . 10 3 16 Peak Tracking Total 11 | . 11 3 7 Tactical Retreats 1 | . . 1 . Traps | -11 -10 -10 -9 ------- Run | Jun Mat Min Mat Traps Triggered . | . . . . Indirectly . | . . . . Trap Hack Attempts . | . . . . Triggered . | . . . . Disarmed . | . . . . Reprogrammed . | . . . . Reused 3 | . . . 3 Traps Extracted . | . . . . Installed 3 | . . . 3 Triggered 3 | . . . 3 Most Traps Carried 3 | . . 3 3 Machines | -11 -10 -10 -9 ---------- Run | Jun Mat Min Mat Machines Disabled 8 | . 2 . 6 Max in Single Turn 1 | . 1 . 1 Machines Repaired 3 | . 1 . 2 Machines Sabotaged . | . . . . Overloaded Fab Kills . | . . . . Hacking | -11 -10 -10 -9 --------- Run | Jun Mat Min Mat Machines Accessed 7 | . 2 . 5 Terminals 7 | . 2 . 5 Fabricators . | . . . . Repair Stations . | . . . . Recycling Units . | . . . . Scanalyzers . | . . . . Garrison Access . | . . . . Total Hacks 22 | . 5 . 17 Successful 11 | . 2 . 9 Failed 11 | . 3 . 8 Catastrophic 1 | . 1 . . Database Lockouts . | . . . . Manual 15 | . 5 . 10 Terminals 22 | . 5 . 17 Fabricators . | . . . . Repair Stations . | . . . . Recycling Units . | . . . . Scanalyzers . | . . . . Garrison Access . | . . . . Terminal Hacks 4 | . . . 4 Robot Analysis 1 | . . . 1 Emergency Access Points 1 | . . . 1 Unreport Threat 2 | . . . 2 Fabricator Hacks . | . . . . Repair Station Hacks . | . . . . Recycling Unit Hacks . | . . . . Scanalyzer . | . . . . Garrison Access Hacks . | . . . . Unauthorized Hacks 7 | . 2 . 5 Terminals 7 | . 2 . 5 Sabotage 7 | . 2 . 5 Fabricators . | . . . . Repair Stations . | . . . . Recycling Units . | . . . . Scanalyzers . | . . . . Garrison Access . | . . . . Data Cores Recovered . | . . . . Used . | . . . . Hacking Detections 5 | . 1 . 4 Full Trace Events . | . . . . Feedback Events . | . . . . Feedback Blocked . | . . . . Robot Schematics Acquired . | . . . . Robots Built . | . . . . Authchips . | . . . . Time . | . . . . Total Robot Build Rating . | . . . . Part Schematics Acquired . | . . . . Parts Built . | . . . . Authchips . | . . . . Time . | . . . . Total Part Build Rating . | . . . . Parts Repaired . | . . . . Time . | . . . . Parts Recycled . | . . . . Recycled Matter . | . . . . Retrieved Matter . | . . . . Retrieved Components . | . . . . Parts Scanalyzed . | . . . . Part Schematics Acquired . | . . . . Parts Damaged . | . . . . Bothacking | -11 -10 -10 -9 ------------ Run | Jun Mat Min Mat Used RIF Installer . | . . . . Robots Hacked . | . . . . Non-combat . | . . . . Combat . | . . . . Robot Hacks Applied . | . . . . Relay Couplers Released . | . . . . Fabnet Peak Effective % . | . . . . Robots Rewired . | . . . . Allies Hacked . | . . . . Hacks Repelled . | . . . . Allies | -11 -10 -10 -9 -------- Run | Jun Mat Min Mat Total Allies 5 | . . 5 . Largest Group 3 | . . 3 . Highest-Rated Group 40 | . . 40 . Highest-Rated Ally 31 | . . 31 . Total Orders . | . . . . Ally Attacks 4 | . . 4 . Total Damage 62 | . . 62 . Kills . | . . . . Allies Corrupted . | . . . . Allies Melted . | . . . . Intel | -11 -10 -10 -9 ------- Run | Jun Mat Min Mat Robot Analysis Total 1 | . . . 1 Derelict Logs Recovered . | . . . . Drone Launches . | . . . . Drone Recoveries . | . . . . Exploration | -11 -10 -10 -9 ------------- Run | Jun Mat Min Mat Turns Passed 531 | 6 99 96 330 Spaces Moved 589 | 18 98 174 299 Core 116 | . . . 116 Treads . | . . . . Legs . | . . . . Wheels . | . . . . Hover . | . . . . Flight 473 | 18 98 174 183 Fastest Speed 32 | 32 32 32 32 Average Speed 36 | 32 32 33 39 Slowest Speed 200 | 32 32 35 200 Overloaded Moves . | . . . . Propulsion Burnouts . | . . . . Robots Hopped 7 | . 1 2 4 Cave-ins Triggered . | . . . . Exploration Rate (%) 23 | 3 23 39 28 Regions Visited 3 Branch Regions 1 Pre-discovered Areas . | . . . . Known Exits Taken . | . . . . Unknown Exits Taken 3 | 1 1 1 . Scrap Searched . | . . . . Spaces Dug 9 | . 4 . 5 Terrain Destroyed 9 | . 4 . 5 Melee 5 | . . . 5 Projectile 4 | . 4 . . AOE . | . . . . Terrain Rammed . | . . . . Walls Destroyed . | . . . . Machines Disabled . | . . . . Actions | -11 -10 -10 -9 --------- Run | Jun Mat Min Mat Total 793 | 17 145 208 423 Wait 152 | . 43 31 78 Move 572 | 17 95 169 291 Hop 7 | . 1 2 4 Pick Up 3 | . . 3 . Fast Attach . | . . . . Attach 4 | . . 2 2 Detach 1 | . . 1 . Swap . | . . . . Drop 3 | . . . 3 Fire 6 | . 6 . . Melee 42 | . . . 42 Ram . | . . . . Kick . | . . . . Crush . | . . . . Escape Stasis . | . . . . Rewire . | . . . . Trap 3 | . . . 3 Miscellaneous . | . . . . Route ------- -11/Junkyard -10/Materials -10/Mines -9/Materials History --------- Turn | Location | Event 2 | -11/Junkyard | Discovered new exit (range 15) 7 | -11/Junkyard | Entered Materials 94 | -10/Materials | Discovered new exit (range 16) 106 | -10/Materials | Entered Mines 108 | -10/Mines | Assembled infested the area 112 | -10/Mines | Found a hidden stash of uninstalled traps 129 | -10/Mines | Discovered new exit (range 12) 134 | -10/Mines | Assisted by bots powering up and referring to "LRC-V3" 202 | -10/Mines | Entered Materials 202 | -9/Materials | Evolved 2 slots: Utility x2 353 | -9/Materials | Core integrity fell below 50% 392 | -9/Materials | Lost 3 parts (2n1u) 518 | -9/Materials | Core integrity fell below 20% 532 | -9/Materials | Destroyed by S-10 Pest with Light Assault Rifle Last Messages --------------- 00468_ Y-45 Defender system corrupted by crushing effect. 00471_ Y-45 Defender suffers critical hit (Smash). 00471_ Destroyed Imp. Ion Engine. 00471_ Destroyed Lgt. Armor Plating. 00471_ Y-45 Defender system corrupted by crushing effect. 00472_ Y-45 Defender system terminally corrupted. 00474_ Acquired 26 matter. 00514_ G-34 Mercenary knocked back. 00527_ Connecting with Terminal... >>Access(Emergency) Found 2 emergency access doors: (30,23) (34,23) Map updated. >>Force(Sabotage) SYSTEM_VULNERABLE[Nuclear Reactor] NETWORK_OVERLOAD_FAIL 00527_ ALERT: Suspicious activity at Terminal M007. Dispatching Investigation squad. 00527_ Terminal disabled. Map ----- +----------------------------------------------------+ | ???????????# | | ???????????#############+###### | | ????????????????????# ^ #" | | ????????????????????# #T | | ????????????????????# #" | | ????????????????????# ## | | ????????????????????# ## | | ????????????????????# ###"T"## | | ????????????????????# #?###### | | ????????????????????# #????# | | ????????????????????# #????# | | ????????????????????##########????# | | ??????????????????????????????????# | | ??????????????????#############???# | | ???????????????#### " #???# | | ???????????????# # #???# | | ???????????????#"" # +???+ | | ???????????????#"T # #???# | | ???????????????#"" "##+##+########## | | ???????????????# # | | ???????????????# / ############# | | ???????????????# # #???????????? | | ???????????????# # #?########### | | ???????????????###### ### # | | ????????###+###???# # + | | ????????# @ ##### # # | | ????????# # # | | ?????+ + # | | ?????#### # # | | ????????# ##### # # | | ????????## ##???# # # | | ?????????# #????## ########### | | ?????????+ #?????# #?????????# | | ?????????# #?????# #?????????? | | ?????????# ??????# #?????????? | | ?????????#ss ??????########?????????? | | ?????????# s???????????????????????? | | ?????????# ???????????????????????? | | ?????????# ???????????????????????? | | ?????????# s ???????????????????????? | | ????????? ???????????????????????? | | ??????????? ????????????????????????? | | ????????????????????????????????????? | | ????????????????????????????????????? | | ????????????????????????????????????? | | ????????????????????????????????????? | | ????????????????????????????????????? | | ????????????????????????????????????? | | ????????????????????????????????????? | | ????????????????????????????????????? | +----------------------------------------------------+ Best States ------------- Heat Dissipation 28 Energy Generation 5 Energy Capacity 100 Matter Stores 227 Matter Capacity 300 Sight Range 16 Terrain Scan Density 10 Additional Mass Support 9 Armor Coverage 225 Propulsion Shielding 66 Weapon Shielding 33 Evasion (%) 63 Item Schematics ----------------- None Robot Schematics ------------------ None Fabricated ------------ Nothing Alien Tech Used ----------------- None Achievements -------------- None Challenges ------------ None Cogshop Purchases (12) ------------------------ VTOL Module (1049) VTOL Module (1049) VTOL Module (1049) VTOL Module (1049) Med. Armor Plating (699) Mining Laser (599) Maul (676) Adv. Weight Redist. System (811) Cld. Cesium-ion Thruster (Loot Box) Weapon Shielding (299) Imp. Propulsion Shielding (399) Imp. Propulsion Shielding (399) Game ------ Seed HeavyAssemblyNukerbomber Manual? 0 Play Time 00:16:50 Cumulative 332.2 hours Start 2023.02.18 @ 11:25:11 End 2023.02.18 @ 11:36:28 Sessions 1 Manual Loads 0 Difficulty Rogue Special Mode AFD2019/Pay2Buy Game No. 403 Rogue 403 Adventurer 0 Explorer 0 Win Type - Total 0 Types 0/0/0/0/0/0/0/0/0 Lore% 49 Gallery% 72 Achievement% 60 Wizard Run 0 Options --------- ASCII 0 Keyboard 0 Movement Mouse Keybinds 0 Fullscreen 2 Font 24/Smallcaps Map View 76x50 Tactical HUD 1 Map Filters NONE Filters NONE Steam 1 RUN: eb567309-2869-4179-b132-16c48b748dcc